 Dungeon Crawl Stone Soup version 0.28.0-55-gcd9437bce4 (webtiles) character file.

Game seed: 15726760143258067041

1523643 oldriver the Intangible (level 27, 224/224 HPs)
             Began as a Merfolk Abyssal Knight on Dec 29, 2022.
             Was the Champion of Lugonu.
             Escaped with the Orb
             ... and 3 runes on Dec 30, 2022!
             The game lasted 03:40:29 (87157 turns).

oldriver the Intangible (Merfolk Abyssal Knight)   Turns: 87157, Time: 03:40:29

Health: 224/224    AC: 36    Str: 22    XL:     27
Magic:  37/37      EV: 42    Int: 26    God:    Lugonu [******]
Gold:   4154       SH: 21    Dex: 27    Spells: 26/26 levels left

rFire   + + .      SeeInvis +   f - +4 demon trident of Callousness {freeze, rElec Int+7 SInv}
rCold   + . .      Faith    .   L - +5 kite shield {AC+3}
rNeg    + . .      Spirit   .   s - +7 swamp dragon scales of the Bull {Drain rPois Int+7}
rPois   +          Reflect  .   M - +2 hat of Naozu {Will+ Regen+ rCorr}
rElec   +          Harm     .   N - +2 cloak {rF+}
rCorr   +          Rampage  .   h - +2 pair of gloves
Will    +++..                   t - +3 pair of boots "Senur" {+Inv Dex+2}
Stlth   ++........              a - amulet "Oddiuss" {rF+ rN+ Regen+}
HPRegen 2.07/turn               y - ring of protection from cold
MPRegen 0.25/turn               X - ring of Refaguo {rPois EV+4 Dex+6}

@: studying Slings
A: (nimble swimmer 2), mertail, iridescent scales 1, clever 1, frail 1,
screaming 1, sturdy frame 1
0: Orb of Zot
}: 3/15 runes: serpentine, barnacled, silver
a: Renounce Religion, Evoke Invisibility, Depart the Abyss, Bend Space, Banish,
Corrupt, Enter the Abyss, Brand Weapon With Distortion


You escaped.
You worshipped Lugonu.
Lugonu was exalted by your worship.
You visited 12 branches of the dungeon, and saw 53 of its levels.
You visited the Abyss 1 time.
You also visited: Gauntlet and Volcano.

You collected 8689 gold pieces.
You spent 4535 gold pieces at shops.

Inventory:

Hand Weapons
 f - the +4 demon trident of Callousness (weapon) {freeze, rElec Int+7 SInv}
   (You acquired it on level 1 of the Depths)

   It freezes those it strikes, dealing additional cold damage.
   It can also slow down cold-blooded creatures.
   Int:       It affects your intelligence (+7).
   rElec:     It insulates you from electricity.
   SInv:      It lets you see invisible.
Missiles
 l - 9 silver javelins
 p - 17 poisoned darts (quivered)
 V - 8 throwing nets
Armour
 h - a +2 pair of gloves (worn)
 s - the +7 swamp dragon scales of the Bull (worn) {Drain rPois Int+7}
   (You bought it in a shop on level 4 of the Shoals)

   Int:       It affects your intelligence (+7).
   rPois:     It protects you from poison.
   Drain:     It drains your maximum health when unequipped.
 t - the +3 pair of boots "Senur" (worn) {+Inv Dex+2}
   (You found it on level 2 of the Shoals)

   Dex:       It affects your dexterity (+2).
   +Inv:      It lets you turn invisible.
 L - a +5 kite shield of protection (worn)
 M - the +2 hat of Naozu (worn) {Will+ Regen+ rCorr}
   (You found it in a Gauntlet)

   Regen:     It increases your rate of health regeneration.
   rCorr:     It protects you from acid and corrosion.
   Will:      It increases your willpower.
 N - a +2 cloak of fire resistance (worn)
Jewellery
 a - the amulet "Oddiuss" (around neck) {rF+ rN+ Regen+}
   (You found it on level 6 of the Lair of Beasts)

   [amulet of regeneration]

   rF:        It protects you from fire.
   rN:        It protects you from negative energy.
   Regen:     It increases your rate of health regeneration.
 e - an amulet of faith
 o - a ring of flight
 v - the ring "Cabe" {rN+ Will+ rCorr Int+6 Dex-2}
   (You took it off a deep elf sorcerer on level 3 of the Elven Halls)

   [ring of intelligence]

   Int:       It affects your intelligence (+6).
   Dex:       It affects your dexterity (-2).
   rN:        It protects you from negative energy.
   rCorr:     It protects you from acid and corrosion.
   Will:      It increases your willpower.
 y - a ring of protection from cold (left hand)
 I - the ring "Teomp" {rElec rF+ Str+6 Int+2}
   (You found it on level 3 of the Snake Pit)

   [ring of strength]

   Str:       It affects your strength (+6).
   Int:       It affects your intelligence (+2).
   rF:        It protects you from fire.
   rElec:     It insulates you from electricity.
 Q - a ring of willpower
 X - the ring of Refaguo (right hand) {rPois EV+4 Dex+6}
   (You bought it in a shop on level 2 of the Orcish Mines)

   [ring of evasion]

   EV:        It affects your evasion (+4).
   Dex:       It affects your dexterity (+6).
   rPois:     It protects you from poison.
Wands
 i - a wand of acid (30)
 u - a wand of digging (12)
 w - a wand of mindburst (18)
 x - a wand of polymorph (40)
 E - a wand of paralysis (19)
 J - a wand of charming (7)
 U - a wand of iceblast (41)
 Y - a wand of flame (33)
Scrolls
 b - 6 scrolls of magic mapping
 c - a scroll of holy word
 g - 2 scrolls of torment
 B - 14 scrolls of fear
 C - a scroll of summoning
 F - 6 scrolls of fog
 K - a scroll of blinking
 S - 23 scrolls of teleportation
 T - 4 scrolls of enchant weapon
Potions
 j - 5 potions of cancellation
 k - 17 potions of might
 q - 2 potions of invisibility
 r - 22 potions of curing
 z - 2 potions of resistance
 A - 16 potions of heal wounds
 D - 5 potions of mutation
 H - 5 potions of berserk rage
 O - 3 potions of haste
Miscellaneous
 d - a tin of tremorstones (2/2)
 m - a phial of floods
 n - a box of beasts (inert)
 G - a lightning rod (4/4)
 P - a condenser vane
 R - a phantom mirror


   Skills:
 O Level 27 Fighting
 - Level 20.0 Polearms
 - Level 16.0 Throwing
 - Level 12.0 Armour
 O Level 27 Dodging
 - Level 13.0 Stealth
 - Level 15.0 Shields
 - Level 20.0 Invocations
 + Level 18.1 Evocations


You had 26 spell levels left.
You didn't know any spells.
Your spell library contained the following spells:

 Spells                   Type           Power      Damage    Failure   Level
 Animate Skeleton         Necr           0%         N/A       26%         1
 Apportation              Tloc           0%         N/A       26%         1
 Beastly Appendage        Tmut           0%         N/A       26%         1
 Magic Dart               Conj           0%         1d3       26%         1
 Pain                     Necr           0%         1d4       26%         1
 Slow                     Hex            0%         N/A       26%         1
 Summon Small Mammal      Summ           0%         N/A       26%         1
 Call Imp                 Summ           0%         N/A       38%         2
 Ensorcelled Hibernation  Hex/Ice        0%         N/A       38%         2
 Passwall                 Tmut/Erth      0%         N/A       38%         2
 Searing Ray              Conj           0%         2d4       38%         2
 Sublimation of Blood     Necr           0%         N/A       38%         2
 Wereblood                Tmut           0%         N/A       38%         2
 Confusing Touch          Hex            0%         N/A       63%         3
 Dazzling Flash           Conj/Hex       0%         N/A       63%         3
 Frozen Ramparts          Ice            0%         1d2       63%         3
 Gell's Gravitas          Tloc           0%         N/A       63%         3
 Inner Flame              Hex/Fire       0%         N/A       63%         3
 Lesser Beckoning         Tloc           0%         N/A       63%         3
 Mephitic Cloud           Conj/Pois/Air  0%         N/A       63%         3
 Ozocubu's Armour         Ice            0%         N/A       63%         3
 Portal Projectile        Hex/Tloc       0%         N/A       63%         3
 Spider Form              Tmut/Pois      0%         N/A       63%         3
 Stone Arrow              Conj/Erth      0%         3d7       63%         3
 Summon Guardian Golem    Hex/Summ       0%         N/A       63%         3
 Swiftness                Air            0%         N/A       63%         3
 Teleport Other           Tloc           0%         N/A       63%         3
 Tukima's Dance           Hex            0%         N/A       63%         3
 Vampiric Draining        Necr           0%         2d6       63%         3
 Anguish                  Hex/Necr       0%         N/A       95%         4
 Animate Armour           Summ/Erth      0%         N/A       95%         4
 Animate Dead             Necr           0%         N/A       95%         4
 Cause Fear               Hex            0%         N/A       95%         4
 Fulminant Prism          Conj/Hex       0%         3d6       95%         4
 Hailstorm                Conj/Ice       0%         3d3       95%         4
 Ice Form                 Ice/Tmut       0%         N/A       95%         4
 Iskenderun's Mystic Bla  Conj/Tloc      0%         2d3       95%         4
 Leda's Liquefaction      Hex/Erth       0%         N/A       95%         4
 Passage of Golubria      Tloc           0%         N/A       95%         4
 Petrify                  Tmut/Erth      0%         N/A       95%         4
 Summon Ice Beast         Ice/Summ       0%         N/A       95%         4
 Agony                    Necr           0%         N/A       100%        5
 Alistair's Intoxication  Tmut/Pois      0%         N/A       100%        5
 Blade Hands              Tmut           0%         N/A       100%        5
 Borgnjor's Vile Clutch   Necr/Erth      0%         N/A       100%        5
 Excruciating Wounds      Necr           0%         N/A       100%        5
 Fireball                 Conj/Fire      0%         3d3       100%        5
 Irradiate                Conj/Tmut      0%         3d13      100%        5
 Iskenderun's Battlesphe  Conj           0%         2d6       100%        5
 Lee's Rapid Deconstruct  Erth           0%         3d5*      100%        5
 Metabolic Englaciation   Hex/Ice        0%         N/A       100%        5
 Summon Forest            Summ/Tloc      0%         N/A       100%        5
 Yara's Violent Unravell  Hex/Tmut       0%         3d3       100%        5
 Conjure Ball Lightning   Conj/Air       0%         3x3d6     100%        6
 Dispersal                Tloc           0%         N/A       100%        6
 Eringya's Noxious Bog    Tmut/Pois      0%         N/A       100%        6
 Starburst                Conj/Fire      0%         6d3       100%        6
 Statue Form              Tmut/Erth      0%         N/A       100%        6
 Enfeeble                 Hex            0%         N/A       100%        7
 Haunt                    Necr/Summ      0%         N/A       100%        7
 Malign Gateway           Summ/Tloc      0%         N/A       100%        7
 Orb of Destruction       Conj           0%         9d5       100%        7
 Ozocubu's Refrigeration  Ice            0%         4d5       100%        7
 Spellforged Servitor     Conj/Summ      0%         N/A       100%        7
 Discord                  Hex            0%         N/A       100%        8
 Infestation              Necr           0%         N/A       100%        8
 Lehudib's Crystal Spear  Conj/Erth      0%         10d2      100%        8


Dungeon Overview and Level Annotations

Branches:
Dungeon (15/15)            Temple (1/1) D:6            Lair (6/6) D:8
 Shoals (4/4) Lair:3        Snake (4/4) Lair:4        Slime (0/5) Lair:5
    Orc (2/2) D:11            Elf (3/3) Orc:2        Vaults (5/5) D:14
  Crypt (3/3) Vaults:2       Tomb (0/3) Crypt:3      Depths (4/4) D:15
   Hell (visited)             Zot (5/5) Depths:4    Volcano (visited)
Gauntlet (visited)
    Dis: Hell:1         Geh: Hell:1         Coc: Hell:1         Tar: Hell:1

Altars:
Ashenzari
Cheibriados
Dithmenos
Elyvilon
Fedhas
Gozag
Hepliaklqana
Kikubaaqudgha
Makhleb
Nemelex Xobeh
Okawaru
Qazlal
Ru
Sif Muna
Trog
Uskayaw
Vehumet
Wu Jian
Xom
Yredelemnul
Zin
The Shining One
Beogh

Shops:
D:10 [   Orc:2 !=*:   Elf:3 *?   Shoals:3 [   Shoals:4 [   Snake:1 ::=
Snake:3 =*(?   Snake:4 !?   Vaults:5 !?!   Zot:4 *

Portals:
Hell: Depths:1 Depths:2 Depths:3 Depths:4
Abyss: Depths:2 Depths:3
Pandemonium: Depths:2 Depths:3 Depths:4
Ziggurat: Depths:1
Trove: Elf:1 (show slimy rune of Zot)

Annotations:
D:10 2 runed translucent doors
D:15 2 transporters, Boahovan's ghost, journeyman DsGl
Shoals:2 3 runed translucent doors, corrupted
Snake:3 2 transporters, corrupted
Crypt:3 1 runed translucent door, Vailuoroe's ghost, veteran GrEE
Depths:1 3 runed translucent doors, Gemnonof's ghost, adept DgCj; Nappo Ocrov's ghost, adept MiBe; Xutext's ghost, adept DsAK; sigtrap's ghost, adept MiBe
Depths:3 3 runed translucent doors
Hell Geryon
Zot:5 corrupted
Abyss:1 Polyphemus, Snorg


Innate Abilities, Weirdness & Mutations

((You are very nimble when in or above water. (Stealth+, EV+, Speed+++)))
Your lower body shifts to a powerful aquatic tail in water.
You are partially covered in iridescent scales. (AC +2)
Your mind is acute. (Int +2)
You are frail. (-10% HP)
You occasionally shout uncontrollably at your foes.
Your movements are slightly less encumbered by armour. (ER -2)


Message History

There is a stone staircase leading down here.
There is a stone staircase leading up here.
You climb upwards.
There is a stone staircase leading down here.
Aiming: Dig
Press: ? - help, Shift-Dir - straight line A rock wall.
This square is covered in magical glow.
The rock shatters into small pieces.
There is a stone staircase leading up here.
You climb upwards.
There is a stone staircase leading down here.
There is a stone staircase leading up here.
You climb upwards.
There is a stone staircase leading down here.
Aiming: Dig
Press: ? - help, Shift-Dir - straight line A rock wall.
This square is covered in magical glow.
The rock shatters into small pieces.
Aiming: Dig
Press: ? - help, Shift-Dir - straight line A rock wall.
This square is covered in magical glow.
The rock shatters into small pieces.
A large abomination comes into view.
The large abomination closely misses you.
You hit the large abomination but do no damage.
You block the large abomination's attack.
You stick the large abomination like a pincushion!!!
You freeze the large abomination!!
You destroy the large abomination!
Lugonu accepts your kill.
Aiming: Dig
Press: ? - help, Shift-Dir - straight line A rock wall.
This square is covered in magical glow.
The rock shatters into small pieces.
There is a staircase leading out of the dungeon here.
You have escaped!

#
############.####.#......#.#.##
#
#.................#..##.÷#.#.##
#.##.......[....#.#..##÷.#.#.##
#...............###......#....#
####.##########..#.......##...#
#.# ##..........##...# #.#
#......###.......# ######.#
#....### ##....... .......#
#@...## ####...# #####..#
##....## #..... # #..#
#.....######.#.## # #..#
###.....##....... # #..#
###...##.#....# # #..###
#...##.#..... # #....#
##...##.##.>.. # ##.#.#
##....##.#..... ######.#.#
#..##..#.#.#...


There were no monsters in sight!

Vanquished Creatures
  A dread lich (Zot:5)
  3 orbs of fire (Zot:5)
  An ancient lich (Vaults:5)
  A juggernaut (Depths:2)
  8 Killer Klowns
  Saint Roka (Depths:4)
  4 curse toes
  Nikola (Depths:2)
  A caustic shrike (Depths:3)
  17 golden dragons
  the Enchantress (Depths:2)
  2 bone dragons
  6 electric golems
  21 tentacled monstrosities
  Jorgrun (Orc:1)
  23 Orb Guardians
  A walking earthen tome (Depths:2)
  A walking frostbound tome (Depths:3)
  2 walking divine tomes
  6 liches
  6 quicksilver dragons
  2 deep elf blademasters (Elf:3)
  A walking crystal tome (Depths:3)
  4 titans
  A sphinx (shapeshifter) (Depths:4)
  Murray (Depths:1)
  8 acid blobs (Zot:1)
  5 sphinxes
  3 deep elf master archers (Elf:3)
  4 ancient champions
  12 death cobs
  9 shadow dragons
  9 tengu reavers
  3 draconian monks
  12 storm dragons
  Ilsuiw (Shoals:1)
  12 fire giants
  An azure jelly (D:14)
  A daeva (D:11)
  A fenstrider witch (Shoals:3)
  A nagaraja (Snake:4)
  Roxanne (Elf:1)
  7 draconian knights
  6 iron dragons
  14 frost giants
  7 deep elf sorcerers
  Aizul (Vaults:2)
  6 orc warlords
  16 vault wardens
  5 draconian scorchers
  Louise (D:15)
  4 draconian shifters
  3 deep elf elementalists (Elf:3)
  5 ghost moths
  14 ghouls (Crypt:2)
  5 draconian stormcallers
  A quicksilver ooze (shapeshifter) (Vaults:5)
  13 draconian annihilators
  24 very ugly things
  9 spriggan defenders
  A juggernaut skeleton (Depths:1)
  A curse skull (Crypt:3)
  4 ironbound thunderhulks
  23 ironbound preservers
  14 stone giants
  A caustic shrike skeleton (Depths:1)
  A deep elf demonologist (Elf:3)
  12 green draconians
  12 deep elf annihilators
  6 vampire knights
  18 black draconians
  2 dire elephants
  9 purple draconians
  15 white draconians
  A minotaur (Gauntlet)
  A dire elephant (shapeshifter) (Vaults:5)
  5 entropy weavers
  A spark wasp (shapeshifter) (Vaults:5)
  11 red draconians
  12 spark wasps
  8 eidola
  18 yellow draconians
  2 green deaths
  A blizzard demon (Depths:1)
  7 merfolk javelineers
  A crystal guardian (Vaults:1)
  3 deep elf death magi
  3 merfolk impalers (Shoals:4)
  10 fire dragons
  15 ettins
  Josephine (D:12)
  6 jiangshi
  3 hell beasts
  8 boulder beetles
  5 deep elf high priests
  3 hydras
  30 vault guards
  2 ogre magi (Vaults:5)
  13 ice dragons
  4 rakshasas
  12 naga warriors
  7 great orbs of eyes
  15 yaktaur captains
  5 two-headed ogres
  4 salamander tyrants (Snake:4)
  10 spriggan air magi
  A death knight (Crypt:1)
  10 ironbound frosthearts
  A peacekeeper (Vaults:1)
  9 centaur warriors
  2 merfolk avatars
  A catoblepas (Shoals:4)
  32 dancing weapons
  10 anacondas
  3 alligators (Shoals:4)
  3 vampire magi
  6 orc high priests
  A titan zombie (Depths:2)
  3 death yaks (Shoals:3)
  7 merfolk aquamancers
  5 tengu warriors
  13 deep troll shamans
  3 hell hogs (Depths:1)
  2 shock serpents
  5 alligator snapping turtles (Shoals:4)
  10 deep troll earth magi
  8 hell knights
  4 soul eaters
  8 spriggan berserkers
  9 naga sharpshooters
  A storm dragon zombie (Crypt:1)
  3 salamander mystics
  16 iron trolls
  7 sun demons (Depths:1)
  15 deep elf knights
  A skeletal warrior (D:15)
  A storm dragon skeleton (Crypt:1)
  5 glowing orange brains
  21 sea snakes
  2 goliath frogs
  2 bog bodies (Crypt:2)
  4 flayed ghosts
  16 orc knights
  A swamp dragon (shapeshifter) (Vaults:5)
  13 wizards
  A bunyip skeleton (Crypt:2)
  A steelbarb worm (shapeshifter) (Elf:1)
  14 deep elf archers
  18 ironbound convokers
  19 harpies
  68 deep trolls
  8 lindwurms
  8 naga ritualists
  An iron dragon zombie (Depths:2)
  40 ugly things
  A golden dragon skeleton (Depths:2)
  7 necromancers
  23 deep elf pyromancers
  A fire giant zombie (Depths:2)
  A wolf spider zombie (D:15)
  28 deep elf zephyrmancers
  4 orc sorcerers
  A tengu skeleton (Depths:2)
  A stone giant zombie (Vaults:1)
  7 phantasmal warriors
  13 fauns
  18 mana vipers
  4 oklob plants
  6 cyclopes
  11 manticores
  A wolf spider (shapeshifter) (Depths:3)
  An iron dragon skeleton (Depths:2)
  4 salamanders (Snake:1)
  A black mamba (shapeshifter) (Vaults:5)
  6 elephants
  16 merfolk sirens
  39 black mambas
  33 moths of wrath
  17 vault sentinels
  2 molten gargoyles
  A torpor snail (Lair:4)
  2 guardian serpents
  17 naga magi
  2 rust devils (Depths:1)
  11 water nymphs
  A yaktaur zombie (Vaults:1)
  A cane toad (shapeshifter) (Elf:3)
  2 dire elephant skeletons
  A black draconian zombie (Crypt:2)
  23 cane toads
  2 gargoyles
  A smoke demon (Depths:1)
  13 rime drakes
  A minotaur zombie (Crypt:1)
  Maggie (D:6)
  5 freezing wraiths
  A demonic crawler (Depths:1)
  6 tengu conjurers
  32 yaktaurs
  7 komodo dragons
  An orb spider zombie (Crypt:3)
  An efreet (Volcano)
  6 guardian mummies
  An ice devil (Depths:1)
  14 trolls
  23 merfolk
  A queen bee (Gauntlet)
  A meliai (shapeshifter) (Vaults:5)
  2 tyrant leeches (Lair:6)
  22 slime creatures
  4 polar bears
  A harpy zombie (D:15)
  12 wind drakes
  5 hornets
  A spriggan zombie (Depths:1)
  A slime creature (shapeshifter) (Depths:3)
  12 snapping turtles
  4 dream sheep (Lair:5)
  28 blink frogs
  A raiju (shapeshifter) (Depths:2)
  A stone giant simulacrum (Depths:2)
  A flying skull (Crypt:2)
  2 culicivoras (shapeshifter)
  2 jumping spiders
  2 ettin zombies
  2 air elementals (Elf:1)
  A culicivora (Vaults:1)
  An ettin skeleton (Vaults:1)
  A spriggan (Depths:2)
  A fire dragon skeleton (Crypt:1)
  A shadow (D:11)
  15 water elementals
  10 wraiths
  2 centaur simulacra (D:14)
  A vampire (D:11)
  2 wyverns
  A spriggan (shapeshifter) (Elf:1)
  5 fire elementals
  A human (shapeshifter) (Elf:1)
  62 yaks
  Grum (D:9)
  A chaos spawn (Depths:4)
  4 redbacks
  A large abomination (D:1)
  6 basilisks
  23 vampire mosquitoes
  Menkaure (Temple)
  9 steam dragons (Lair:5)
  47 nagas
  3 wargs
  A deep troll zombie (Crypt:2)
  A human zombie (Depths:2)
  A wind drake skeleton (Crypt:2)
  3 acid dragons
  A two-headed ogre zombie (Crypt:2)
  3 hell hounds (Depths:1)
  9 water moccasins
  A two-headed ogre skeleton (Crypt:3)
  A demonspawn skeleton (Crypt:2)
  Duvessa (D:6)
  A floating eye (shapeshifter) (Depths:3)
  A meliai simulacrum (D:15)
  A sky beast (D:6)
  An ice beast (shapeshifter) (Elf:3)
  A human skeleton (Depths:1)
  2 ice beasts
  36 orc warriors
  2 black bears
  A hornet zombie (D:15)
  5 necrophages
  A spriggan simulacrum (Depths:1)
  6 boggarts
  11 ogres
  17 wolves
  26 centaurs
  A manticore skeleton (Crypt:2)
  A salamander zombie (Crypt:1)
  A kobold brigand (D:7)
  20 bullfrogs
  2 earth elementals (Elf:1)
  4 scorpions
  An elf skeleton (Crypt:2)
  2 water moccasin zombies (D:6)
  Dowan (D:6)
  A water moccasin skeleton (Crypt:1)
  7 killer bees
  7 wights
  15 electric eels
  3 howler monkeys
  A wolf zombie (Crypt:3)
  2 bullfrog zombies (D:6)
  9 centaur zombies
  4 hounds
  35 orc priests
  A bullfrog skeleton (D:5)
  A centaur skeleton (D:7)
  5 iguanas
  21 jellies
  A hell rat (Lair:4)
  55 orc wizards
  A scorpion zombie (Crypt:2)
  A killer bee zombie (D:6)
  An acid dragon skeleton (Crypt:1)
  A gnoll (D:1)
  2 adders (D:3)
  2 shadow imps
  6 white imps
  4 ufetubi
  An adder skeleton (D:5)
  2 dart slugs (D:2)
  124 orcs
  9 bats
  7 endoplasms
  3 giant cockroaches
  2 goblins
  6 hobgoblins
  5 jackals
  4 quokkas
  6 ball pythons
  3 frilled lizards
  A goblin skeleton (Crypt:1)
  12 kobolds
  A kobold skeleton (Crypt:2)
  An orc skeleton (Crypt:1)
  8 rats
  A bush (Lair:6)
2405 creatures vanquished.

Vanquished Creatures (collateral kills)
  Asterion (Elf:1)
  Gastronok (Lair:1)
  A dancing weapon (Elf:1)
  A deep elf zephyrmancer (Elf:1)
4 creatures vanquished.

Vanquished Creatures (others)
  An ancient lich (Zot:5)
  A Killer Klown (Zot:5)
  3 Orb Guardians (Zot:5)
  A death cob (Zot:5)
  A draconian knight (Zot:1)
  The ghost of Lutefisk the Nimble, a journeyman OpEE of Ru (Shoals:2)
  A fire giant (Depths:2)
  A green draconian (Zot:5)
  2 red draconians (Zot:5)
  2 merfolk aquamancers (Shoals:2)
  A centaur warrior (Shoals:2)
  An anaconda (Snake:3)
  A naga sharpshooter (Snake:3)
  2 shock serpents (Snake:3)
  A deep elf archer (Elf:1)
  A harpy (Shoals:2)
  A manticore (Shoals:2)
  A moth of wrath (Zot:5)
  A vault sentinel (Vaults:1)
  A black mamba (Snake:3)
  A merfolk siren (Shoals:2)
  A naga mage (Snake:3)
  2 merfolk (Shoals:2)
  2 water elementals (Shoals:2)
  A steam dragon (Lair:5)
  2 nagas
  An orc warrior (Vaults:5)
  A dart slug (D:1)
  An orc (Vaults:5)
  A bush (Lair:6)
  57 fungi
  167 plants
262 creatures vanquished.

Grand Total: 2671 creatures vanquished

Notes
Turn   | Place    | Note
-------+----------+-------------------------------------------
     0 | Abyss:1  | oldriver the Merfolk Abyssal Knight began the quest for the
                  | Orb.
     0 | Abyss:1  | Reached XP level 1. HP: 18/18 MP: 2/2
    13 | D:1      | Escaped the Abyss
   290 | D:1      | Reached XP level 2. HP: 20/24 MP: 3/3
   492 | D:1      | Found a faded altar of an unknown god.
  1342 | D:1      | Reached XP level 3. HP: 16/30 MP: 4/4
  2254 | D:2      | Reached skill level 5 in Polearms
  2318 | D:2      | Reached ** piety under Lugonu
  2453 | D:2      | Reached XP level 4. HP: 33/37 MP: 5/5
  2846 | D:2      | Identified a scroll of acquirement
  2847 | D:2      | Acquired the +0 helmet of Mirennooz {Contam rF++ Slay+6}
  2906 | D:3      | Identified the +2 robe of Morality {Will+ Archmagi}
  2967 | D:3      | Reached skill level 1 in Stealth
  3075 | D:3      | Reached XP level 5. HP: 41/42 MP: 6/6
  3721 | D:4      | Noticed a necrophage
  3735 | D:4      | Killed a necrophage
  3736 | D:4      | Reached XP level 6. HP: 49/49 MP: 7/7
  3962 | D:4      | Identified the +10 flail of Reason {chaos, Int+2}
  4075 | D:5      | Entered Level 5 of the Dungeon
  4093 | D:5      | Reached *** piety under Lugonu
  4513 | D:5      | Reached XP level 7. HP: 55/55 MP: 8/8
  4539 | D:5      | Reached skill level 5 in Fighting
  4620 | D:5      | Reached skill level 5 in Dodging
  5260 | D:6      | Found a staircase to the Ecumenical Temple.
  5277 | D:6      | Reached XP level 8. HP: 63/63 MP: 9/9
  5284 | D:6      | Noticed Menkaure
  5292 | Temple   | Entered the Ecumenical Temple
  5792 | Temple   | Killed Menkaure
  5936 | D:6      | Reached skill level 10 in Polearms
  5981 | D:6      | Reached skill level 1 in Armour
  5981 | D:6      | Noticed Dowan
  5982 | D:6      | Noticed Duvessa
  6047 | D:6      | Noticed Maggie
  6094 | D:6      | Killed Maggie
  6095 | D:6      | Reached skill level 5 in Stealth
  6335 | D:6      | Reached XP level 9. HP: 71/71 MP: 10/10
  6455 | D:6      | Killed Duvessa
  6465 | D:6      | Killed Dowan
  6753 | D:7      | Noticed a troll
  6761 | D:7      | Killed a troll
  7135 | D:7      | Reached **** piety under Lugonu
  8004 | D:8      | Found a staircase to the Lair.
  8005 | D:8      | Noticed a troll
  8037 | D:8      | Killed a troll
  8050 | D:8      | Reached XP level 10. HP: 80/80 MP: 12/12
  9273 | D:9      | Reached ***** piety under Lugonu
  9306 | D:9      | Noticed Grum
  9319 | D:9      | Reached skill level 5 in Invocations
  9324 | D:9      | Killed Grum
  9942 | D:9      | Noticed a two-headed ogre
  9949 | D:9      | Killed a two-headed ogre
 10284 | D:9      | Reached XP level 11. HP: 89/89 MP: 15/15
 10307 | D:9      | Reached skill level 10 in Dodging
 10554 | D:10     | Entered Level 10 of the Dungeon
 10808 | D:10     | Found Hopsant's Antique Armour Boutique.
 11096 | D:10     | Found a large runed translucent door.
 11096 | D:10     | Found a large runed translucent door.
 11118 | D:10     | Reached skill level 10 in Fighting
 11327 | D:10     | Found a sacrificial altar of Ru.
 11388 | D:10     | Noticed a two-headed ogre
 11398 | D:10     | Killed a two-headed ogre
 11575 | D:10     | Found a large runed translucent door.
 11575 | D:10     | Found a large runed translucent door.
 11676 | D:10     | Noticed a two-headed ogre
 11676 | D:10     | Noticed a deep elf pyromancer
 11686 | D:10     | Killed a two-headed ogre
 11693 | D:10     | Killed a deep elf pyromancer
 11693 | D:10     | Noticed a two-headed ogre
 11713 | D:10     | Killed a two-headed ogre
 12204 | D:10     | Identified the +0 robe of Xehui {Str+7 Archmagi}
 12323 | Lair:1   | Entered Level 1 of the Lair of Beasts
 12743 | Lair:1   | Reached XP level 12. HP: 100/100 MP: 18/18
 12795 | Lair:1   | Noticed Gastronok
 12822 | Lair:1   | Killed Gastronok
 12946 | Lair:1   | Found a blossoming altar of Fedhas.
 13153 | Lair:1   | Identified the +7 ring mail of the Kraken {Harm +Inv rPois}
 14042 | Lair:2   | Reached skill level 10 in Invocations
 14735 | Lair:3   | Noticed a four-headed hydra
 14737 | Lair:3   | Banished a four-headed hydra
 14738 | Lair:3   | Reached XP level 13. HP: 109/109 MP: 15/20
 15006 | Lair:3   | Noticed Snorg
 15007 | Lair:3   | Banished Snorg
 15276 | Lair:3   | Found a staircase to the Shoals.
 15451 | Lair:4   | Found a dark tunnel.
 15458 | Volcano  | Entered a volcano
 15758 | Lair:4   | Found a staircase to the Snake Pit.
 16235 | Lair:4   | Noticed a dire elephant
 16293 | Lair:4   | Killed a dire elephant
 16476 | Lair:4   | Reached ****** piety under Lugonu
 16490 | Lair:4   | Reached skill level 15 in Dodging
 17574 | Lair:5   | Reached skill level 1 in Evocations
 18036 | Lair:5   | Reached XP level 14. HP: 110/121 MP: 22/22
 19001 | Lair:5   | Identified the +5 glaive of the Snake Pit {protect, Drain
                  | rN+ Dex+4}
 19094 | Lair:5   | Found a staircase to the Slime Pits.
 19353 | Lair:6   | Entered Level 6 of the Lair of Beasts
 19788 | Lair:6   | Reached skill level 15 in Fighting
 19919 | Lair:6   | Reached skill level 5 in Evocations
 20461 | Lair:6   | Reached skill level 15 in Polearms
 20638 | Lair:6   | Identified the amulet "Oddiuss" {rF+ rN+ Regen+}
 20946 | Lair:6   | Reached XP level 15. HP: 78/129 MP: 23/23
 21398 | Shoals:1 | Entered Level 1 of the Shoals
 22651 | Shoals:2 | Noticed Ilsuiw
 22694 | Shoals:1 | Killed Ilsuiw
 23634 | Shoals:2 | Found a runed translucent gate.
 23635 | Shoals:2 | Found a runed translucent gate.
 23636 | Shoals:2 | Found a runed translucent gate.
 23637 | Shoals:2 | Noticed Lutefisk's ghost (journeyman OpEE)
 24164 | D:11     | Found a staircase to the Orcish Mines.
 24868 | Orc:1    | Entered Level 1 of the Orcish Mines
 24868 | Orc:1    | Noticed Jorgrun
 24878 | Orc:1    | Killed Jorgrun
 25170 | Orc:2    | Entered Level 2 of the Orcish Mines
 25217 | Orc:2    | Reached XP level 16. HP: 139/139 MP: 24/24
 25239 | Orc:2    | Found a staircase to the Elven Halls.
 25458 | Orc:2    | Found a runed translucent door.
 26024 | Orc:2    | Reached skill level 1 in Throwing
 26562 | Orc:2    | Found Fiamis's General Store.
 26562 | Orc:2    | Found Oskuts's Distillery.
 26563 | Orc:2    | Found Batoor's Jewellery Emporium.
 26567 | Orc:2    | Found Sataikk's Book Shoppe.
 26570 | Orc:2    | Bought a scroll of magic mapping for 42 gold pieces
 26572 | Orc:2    | Bought the ring of Refaguo {rPois EV+4 Dex+6} for 717 gold
                  | pieces
 26586 | Orc:2    | Bought a potion of heal wounds for 60 gold pieces
 26586 | Orc:2    | Bought a potion of heal wounds for 60 gold pieces
 26586 | Orc:2    | Bought a potion of might for 48 gold pieces
 26586 | Orc:2    | Bought a potion of cancellation for 96 gold pieces
 26586 | Orc:2    | Bought a potion of curing for 36 gold pieces
 27697 | D:12     | Identified the +1 robe "Niargh" {Fly rF+ rC+}
 27709 | D:12     | Noticed Josephine
 27716 | D:12     | Killed Josephine
 28211 | D:13     | Found a basalt altar of Yredelemnul.
 28241 | D:13     | Identified the +5 flail of Diqawuu {vorpal, rC+}
 28502 | D:11     | Identified the +7 hand crossbow of Invincibility {freeze,
                  | Dex+5 Stlth+}
 29335 | D:14     | Found a gate to the Vaults.
 29427 | D:14     | Found a broken altar of Ashenzari.
 29463 | D:14     | Found a gate leading to a gauntlet.
 29474 | Gauntlet | Entered a Gauntlet
 29474 | Gauntlet | Found a transporter.
 29482 | Gauntlet | Found a transporter.
 29486 | Gauntlet | Found a transporter.
 29497 | Gauntlet | Found a transporter.
 29498 | Gauntlet | Found a transporter.
 29506 | Gauntlet | Found a transporter.
 29510 | Gauntlet | Found a transporter.
 29518 | Gauntlet | Found a transporter.
 29522 | Gauntlet | Found a transporter.
 29530 | Gauntlet | Found a transporter.
 29560 | Gauntlet | Found a transporter.
 29572 | Gauntlet | Found a transporter.
 29585 | Gauntlet | Found a transporter.
 29598 | Gauntlet | Found a transporter.
 29951 | Gauntlet | Identified the +2 hat of Naozu {Will+ Regen+ rCorr}
 29980 | Gauntlet | Identified the +5 ring mail of Bedevilment {Rampage}
 30270 | D:14     | Found a sparkling altar of Nemelex Xobeh.
 30767 | D:14     | Noticed an azure jelly
 31050 | Snake:1  | Entered Level 1 of the Snake Pit
 31286 | Snake:1  | Reached skill level 10 in Evocations
 31372 | Snake:1  | Reached XP level 17. HP: 148/148 MP: 20/25
 31506 | Snake:1  | Reached skill level 5 in Throwing
 32406 | Snake:1  | Found Uzxakozuedd's Jewellery Shop.
 32406 | Snake:1  | Found Wuraokeo's Book Shoppe.
 32407 | Snake:1  | Found Fyppa's Book Shoppe.
 33276 | Snake:3  | Found Hahexurr's Assorted Antiques.
 33282 | Snake:3  | Found Des Fopn's Jewellery Emporium.
 33374 | Snake:3  | Found a transporter.
 33470 | Snake:3  | Found Xoron's Antique Weapon Boutique.
 33473 | Snake:3  | Found a transporter.
 33489 | Snake:3  | Found Lorub's Magic Scroll Boutique.
 33495 | Snake:3  | Bought a scroll of acquirement for 884 gold pieces
 33495 | Snake:3  | Acquired a manual of Fighting
 34151 | Snake:3  | Corrupted Snake:3
 34169 | Snake:3  | Identified the ring "Teomp" {rElec rF+ Str+6 Int+2}
 34186 | Snake:3  | Paralysed by a Zot trap for 4 turns
 34352 | Snake:3  | Gained mutation: You are clumsy. (Dex -2) [mutagenic glow]
 34370 | Snake:3  | Gained mutation: You tend to lose your temper in combat.
                  | [mutagenic glow]
 34383 | Snake:3  | Gained mutation: You often lose your temper in combat.
                  | [mutagenic glow]
 34558 | Snake:3  | Lost mutation: You often lose your temper in combat.
                  | [potion of mutation]
 34558 | Snake:3  | Lost mutation: You are clumsy. (Dex -2) [potion of
                  | mutation]
 34558 | Snake:3  | Gained mutation: You are partially covered in large bone
                  | plates. (SH +4) [potion of mutation]
 34558 | Snake:3  | Gained mutation: You are partially covered in iridescent
                  | scales. (AC +2) [potion of mutation]
 34558 | Snake:3  | Gained mutation: Your mind is acute. (Int +2) [potion of
                  | mutation]
 34559 | Snake:3  | Lost mutation: You are partially covered in iridescent
                  | scales. (AC +2) [potion of mutation]
 34559 | Snake:3  | Lost mutation: You tend to lose your temper in combat.
                  | [potion of mutation]
 34559 | Snake:3  | Lost mutation: You are partially covered in large bone
                  | plates. (SH +4) [potion of mutation]
 34559 | Snake:3  | Gained mutation: Your movements are slightly less
                  | encumbered by armour. (ER -2) [potion of mutation]
 34559 | Snake:3  | Gained mutation: You passively map a small area around you.
                  | [potion of mutation]
 34559 | Snake:3  | Gained mutation: You are frail. (-10% HP) [potion of
                  | mutation]
 34559 | Snake:3  | Gained mutation: You have an increased reservoir of magic.
                  | (+10% MP) [potion of mutation]
 34590 | Snake:3  | Identified the ring "Beqyas" {*Corrode rN+ Int+3 Slay+6
                  | SInv}
 34658 | Snake:4  | Entered Level 4 of the Snake Pit
 35203 | Snake:4  | Found Vioci's Distillery.
 35210 | Snake:4  | Found Eranumn's Magic Scroll Boutique.
 35949 | Snake:4  | Reached XP level 18. HP: 144/144 MP: 29/29
 36486 | Snake:4  | Got a serpentine rune of Zot
 37076 | Shoals:2 | Corrupted Shoals:2
 37101 | Shoals:2 | Killed Lutefisk's ghost
 37142 | Shoals:2 | Identified the +3 pair of boots "Senur" {+Inv Dex+2}
 37165 | Shoals:2 | Noticed an ancient lich
 37289 | Shoals:3 | Found Poifeo's Antique Armour Shoppe.
 37409 | Shoals:3 | Bought a distressingly furry troll leather armour for 600
                  | gold pieces
 37409 | Shoals:3 | Identified the +1 troll leather armour "Nawn" {rElec rF++
                  | rN+ Regen+ Int-4} (You bought it in a shop on level 3 of
                  | the Shoals)
 38184 | Shoals:4 | Entered Level 4 of the Shoals
 38614 | Shoals:4 | Identified the +6 flail of Untruth {drain, rElec Int+5}
 38770 | Shoals:4 | Found Arytoaw's Armour Boutique.
 39075 | Shoals:4 | Got a barnacled rune of Zot
 39540 | Shoals:4 | Noticed Polyphemus
 39564 | Shoals:4 | Reached XP level 19. HP: 158/158 MP: 30/30
 39633 | Shoals:4 | Banished Polyphemus
 40211 | Vaults:1 | Entered Level 1 of the Vaults
 41742 | Vaults:1 | Identified the +11 trident of Nalih {freeze, rElec rPois
                  | rCorr}
 41812 | Vaults:1 | Reached skill level 1 in Shields
 42232 | Vaults:2 | Noticed Aizul
 42252 | Vaults:2 | Killed Aizul
 42477 | Vaults:2 | Reached XP level 20. HP: 169/169 MP: 32/32
 42696 | Vaults:2 | Reached skill level 5 in Shields
 42812 | Vaults:2 | Found a staircase to the Crypt.
 43498 | Vaults:2 | Reached skill level 5 in Armour
 44488 | Vaults:3 | You fall into a shaft and drop 1 floor!
 45263 | Vaults:4 | Reached skill level 10 in Stealth
 45364 | Vaults:4 | Reached XP level 21. HP: 176/176 MP: 33/33
 46603 | D:15     | Entered Level 15 of the Dungeon
 47008 | D:15     | Noticed Louise
 47022 | D:15     | Killed Louise
 47078 | D:15     | Found a staircase to the Depths.
 47258 | D:15     | Found a transporter.
 47259 | D:15     | Noticed Boahovan's ghost (journeyman DsGl)
 47259 | D:15     | Identified the +6 great mace of Valiance {freeze, Contam
                  | rPois Int+9}
 47260 | D:15     | Found a transporter.
 47678 | Depths:1 | Entered Level 1 of the Depths
 47703 | Depths:1 | Found a glowing golden altar of the Shining One.
 47728 | Depths:1 | Found a one-way gateway to a ziggurat.
 48145 | Depths:1 | Found a gateway to Hell.
 49114 | Crypt:1  | Entered Level 1 of the Crypt
 50912 | Crypt:3  | Entered Level 3 of the Crypt
 50961 | Crypt:3  | Noticed Vailuoroe's ghost (veteran GrEE)
 50967 | Crypt:3  | Found a runed translucent door.
 51182 | Crypt:3  | Found a staircase to the Tomb.
 51537 | Crypt:3  | Noticed a curse toe
 51879 | Elf:1    | Entered Level 1 of the Elven Halls
 52037 | Elf:1    | Reached XP level 22. HP: 180/185 MP: 34/34
 52249 | Elf:1    | Noticed Asterion
 52257 | Elf:1    | Killed Asterion
 52308 | Elf:1    | Reached skill level 10 in Shields
 52506 | Elf:1    | Noticed Roxanne
 52630 | Elf:1    | Identified the +1 scale mail of Untold Secrets {Drain rPois
                  | rCorr Str+5}
 52809 | Elf:1    | Found a portal to a secret trove of treasure.
 53367 | Shoals:4 | Bought the +7 swamp dragon scales of the Bull {Drain rPois
                  | Int+7} for 1208 gold pieces
 54119 | Elf:1    | Killed Roxanne
 54760 | Elf:2    | Found a huge runed translucent gate.
 54760 | Elf:2    | Found a huge runed translucent gate.
 54760 | Elf:2    | Found a huge runed translucent gate.
 54760 | Elf:2    | Found a huge runed translucent gate.
 54760 | Elf:2    | Found a huge runed translucent gate.
 55608 | Elf:3    | Entered Level 3 of the Elven Halls
 55638 | Elf:3    | Found Ufoc's Magic Scroll Boutique.
 55646 | Elf:3    | Bought a scroll of teleportation for 39 gold pieces
 55844 | Elf:3    | Found Tukhlouc's Assorted Antiques.
 56574 | Elf:3    | Identified the +6 morningstar "Idipijumm" {protect, rElec
                  | rC- Int+4 SInv}
 56761 | Elf:3    | Identified the ring "Cabe" {rN+ Will+ rCorr Int+6 Dex-2}
 56855 | Elf:3    | Reached skill level 27 in Dodging
 56930 | Elf:3    | Identified the +5 ring mail of Impatience {Regen+ Dex+7}
 57038 | Elf:3    | Identified the +7 long sword of Extremism {protect, Str+6
                  | Int+9 Dex-4 Stlth-}
 57187 | Elf:3    | Identified the +8 morningstar of the Spider Nest {spect,
                  | Drain +Blink rF+ rC+++}
 58089 | Depths:1 | Reached XP level 23. HP: 168/189 MP: 36/36
 58234 | Depths:1 | Found a sacrificial altar of Ru.
 58288 | Depths:1 | Found a runed translucent gate.
 58289 | Depths:1 | Found a runed translucent gate.
 58290 | Depths:1 | Found a runed translucent gate.
 58290 | Depths:1 | Noticed Nappo Ocrov's ghost (adept MiBe)
 58290 | Depths:1 | Noticed Gemnonof's ghost (adept DgCj)
 58292 | Depths:1 | Noticed sigtrap's ghost (adept MiBe)
 58292 | Depths:1 | Noticed Xutext's ghost (adept DsAK)
 58292 | Depths:1 | Noticed Nappo Ocrov's ghost (adept MiBe)
 58519 | Depths:2 | Noticed Nikola
 58538 | Depths:2 | Killed Nikola
 58987 | Depths:2 | Found a one-way gate leading to the halls of Pandemonium.
 59107 | Depths:1 | Acquired the +4 demon trident of Callousness {freeze, rElec
                  | Int+7 SInv}
 59493 | Depths:2 | Noticed a juggernaut
 59544 | Depths:2 | Killed a juggernaut
 60021 | Depths:2 | Found a one-way gate to the infinite horrors of the Abyss.
 60055 | Depths:2 | Noticed the Enchantress
 60155 | Depths:2 | Killed the Enchantress
 60581 | Depths:3 | Found a runed translucent door.
 61340 | Depths:3 | Reached skill level 15 in Shields
 61556 | Depths:3 | Reached XP level 24. HP: 199/199 MP: 37/37
 61847 | Depths:3 | Identified the +3 rapier of the Spectre {speed, rPois Will+
                  | Dex+5}
 61852 | Depths:3 | Got the Guide on the Frostbite and Translocation
 62134 | Depths:3 | Noticed a caustic shrike
 62224 | Depths:3 | Killed a caustic shrike
 62401 | Depths:3 | Reached skill level 15 in Invocations
 62731 | Depths:3 | Identified the +1 chain mail of Indecent Exposure {rN+}
 62743 | Depths:3 | Identified the +3 great sword "Noujeirr" {antimagic,
                  | Stlth+}
 63221 | Depths:3 | Found a runed translucent door.
 63222 | Depths:3 | Found a runed translucent door.
 63222 | Depths:3 | Noticed a juggernaut
 63516 | Depths:4 | Entered Level 4 of the Depths
 64299 | Depths:4 | Found a gate to the Realm of Zot.
 64922 | Depths:4 | Reached skill level 15 in Evocations
 65000 | Depths:4 | Reached skill level 27 in Fighting
 65233 | Depths:4 | Identified the ring "Xeewkar" {Dex+6 SInv}
 65391 | Depths:4 | Reached XP level 25. HP: 195/210 MP: 30/37
 65631 | Depths:4 | Noticed Saint Roka
 65667 | Depths:4 | Killed Saint Roka
 66721 | Hell     | Entered the Vestibule of Hell
 66721 | Hell     | Noticed Geryon
 66993 | Hell     | Noticed Murray
 67065 | Depths:1 | Killed Murray
 67460 | Vaults:5 | Entered Level 5 of the Vaults
 67630 | Vaults:5 | Reached skill level 10 in Armour
 67783 | Vaults:5 | Identified the +7 glaive of Zirir {spect, Contam rElec
                  | Str+3 SInv}
 68044 | Vaults:5 | Identified the +7 battleaxe of the Moon {venom, Str+2}
 68293 | Vaults:5 | Identified the +3 hunting sling "Wiss" {speed, Str+4
                  | Stlth+}
 69140 | Vaults:5 | Identified the +8 chain mail "Gipyel" {*Corrode Int+7}
 69702 | Vaults:5 | Noticed an ancient lich
 69718 | Vaults:5 | Killed an ancient lich
 69719 | Vaults:5 | Reached XP level 26. HP: 140/217 MP: 37/37
 70143 | Vaults:5 | Found Zonulount's Distillery.
 70147 | Vaults:5 | Found Bevonwytz's Magic Scroll Boutique.
 70148 | Vaults:5 | Bought a potion of heal wounds for 100 gold pieces
 70148 | Vaults:5 | Bought a potion of might for 80 gold pieces
 70148 | Vaults:5 | Bought a potion of mutation for 160 gold pieces
 70155 | Vaults:5 | Got a silver rune of Zot
 70170 | Vaults:5 | Bought a scroll of magic mapping for 70 gold pieces
 70263 | Vaults:5 | Identified the +5 chain mail of the Saviour {+Inv rF- Str-3
                  | Stlth+}
 70334 | Vaults:5 | Found Wousmi's Distillery.
 70338 | Vaults:5 | Bought a potion of heal wounds for 75 gold pieces
 70338 | Vaults:5 | Bought a potion of might for 60 gold pieces
 70950 | Zot:1    | Entered Level 1 of the Realm of Zot
 71949 | Zot:1    | Reached skill level 10 in Throwing
 75902 | Zot:2    | Identified the +7 war axe of Blind Justice {freeze, rC+
                  | Int+5}
 76016 | Zot:3    | Reached XP level 27. HP: 224/224 MP: 39/39
 79545 | Zot:4    | Found Roqofi's Changing Room.
 79627 | Zot:5    | Entered Level 5 of the Realm of Zot
 80065 | Zot:4    | Bought a potion of mutation for 200 gold pieces
 80694 | Zot:4    | Reached skill level 15 in Throwing
 81277 | Zot:4    | Identified the +3 scale mail of Parts Unknown {Rampage
                  | Regen+ SInv}
 81454 | Zot:4    | Identified the +3 leather armour of the Lute {*Corrode rC+
                  | Dex+3}
 82550 | Zot:5    | Corrupted Zot:5
 82565 | Zot:5    | Killed an ancient lich
 82661 | Zot:5    | Noticed an orb of fire
 82669 | Zot:5    | Lost mutation: Your mind is acute. (Int +2) [an orb of
                  | fire]
 82834 | Zot:5    | Gained mutation: Armour fits poorly on your strangely
                  | shaped body. [an orb of fire]
 82845 | Zot:5    | Lost mutation: You have an increased reservoir of magic.
                  | (+10% MP) [an orb of fire]
 82863 | Zot:5    | Killed an orb of fire
 82876 | Zot:5    | Noticed a dread lich
 82892 | Zot:5    | Killed a dread lich
 83466 | Zot:5    | Noticed an orb of fire
 83480 | Zot:5    | Gained mutation: You tend to lose your temper in combat.
                  | [an orb of fire]
 83492 | Zot:5    | Killed an orb of fire
 83875 | Zot:5    | Lost mutation: Armour fits poorly on your strangely shaped
                  | body. [potion of mutation]
 83875 | Zot:5    | Lost mutation: You tend to lose your temper in combat.
                  | [potion of mutation]
 83875 | Zot:5    | Lost mutation: You passively map a small area around you.
                  | [potion of mutation]
 83875 | Zot:5    | Gained mutation: You are partially covered in iridescent
                  | scales. (AC +2) [potion of mutation]
 83875 | Zot:5    | Gained mutation: Your mind is acute. (Int +2) [potion of
                  | mutation]
 84136 | Zot:5    | Noticed an orb of fire
 84836 | Zot:5    | Gained mutation: You occasionally shout uncontrollably at
                  | your foes. [an orb of fire]
 84852 | Zot:5    | Killed an orb of fire
 86570 | Zot:5    | Noticed an ancient lich
 86584 | Zot:5    | Got the Orb of Zot
 87157 | D:$      | Escaped with the Orb!

Illustrated notes

Levels and vault maps discovered:
D:1:      amcnicky_arrival_wind_blow, layout_basic,
          shapermc_ecumenical_altar_mp_urbaneastern, serial_bayou_pond_a
D:2:      minmay_angry_zag, layout_loops_ring
D:3:      layout_basic
D:4:      layout_loops_ring, kennysheep_decorative_pillar,
          minmay_misc_feat_alley, chequers_serial_rivers_micro_e
D:5:      layout_gridville
D:6:      wad_crossroads, layout_rooms, minmay_temple_entry_trees, uniq_maggie,
          uniq_menkaure, uniq_duvessa
D:7:      layout_gridville, minmay_a_box_with_orc_wizards_in_it
D:8:      layout_basic, erik_lair_island, chequers_serial_rivers_micro_d
D:9:      layout_basic, uniq_grum
D:10:     layout_basic, mainiacjoe_overflow_chevrons, serial_shops, shop,
          minmay_hollow_rounded_squares
D:11:     layout_roguey [special_room_orc], orc_0_dummy, minivault_26
D:12:     layout_big_octagon, serial_bayou_crossing, uniq_josephine
D:13:     layout_layer_cave, lemuel_zombie_altar_yredelemnul
D:14:     cheibrodos_breeding_chamber, layout_basic, erik_vaults_1,
          nemelex_altar_shiori, gauntlet_entry_generic, serial_ice,
          serial_ice_b, serial_ice_n, serial_ice_f, serial_ice_a,
          portal_ice_cave_entry_frozen_things, ashenzari_conservatory_becter
D:15:     grunt_enter_depths_magical_seal, layout_irregular_city,
          gammafunk_ghost_smash, serial_undead, serial_undead_b,
          serial_undead_c, serial_undead_c, serial_undead_c, uniq_louise
Temple:   mainiacjoe_temple_trianglar_array
Lair:1:   layout_cave_pods, hangedman_tree_tricks, uniq_gastronok
Lair:2:   layout_regular_city
Lair:3:   layout_misc_corridors, minmay_shoals_entry_lonely_mermaid, uniq_snorg
Lair:4:   layout_long_grid, minmay_snake_entry_guardpost_small, enter_volcano_2,
          nicolae_lair_lakeside_cave, serial_bayou_shore_b
Lair:5:   layout_regular_city, minmay_slime_entry_pillars,
          bobbens_dragon_lair_wall
Lair:6:   minmay_lair_end_frog_pond, layout_regular_city
Shoals:1: layout_shoals, nicolae_shoals_nautilus_by_nature
Shoals:2: layout_shoals, gammafunk_ghost_tricky_traps, uniq_ilsuiw
Shoals:3: cheibrodos_shoals_three_sisters, layout_shoals, serial_shops,
          nicolae_shop_crystal, nicolae_shoals_beach_house_on_fowls_legs
Shoals:4: shoals_end_hangedman, layout_shoals, serial_shops, shop,
          nicolae_shoals_goliath_grotto, uniq_polyphemus
Snake:1:  layout_layer_cave, nicolae_snake_mages_go_home, minmay_shop_grove
Snake:2:  layout_misc_corridors
Snake:3:  gammafunk_its_a_trap, layout_cave_town, serial_shops, shop,
          nicolae_shop_hallway_plus, nicolae_shop_trees,
          nicolae_shop_hallway_stairs
Snake:4:  minmay_snake_end_coiled, layout_basic, minmay_shoptagon
Orc:1:    layout_caves, uniq_jorgrun
Orc:2:    st_orc_mages, layout_caves, lightli_church_of_beogh
Elf:1:    layout_geoelf_diagonals, nicolae_trove_entry_path_of_doom,
          minivault_28, grunt_ministairs_7, uniq_asterion, uniq_roxanne
Elf:2:    elven_hall_of_blades_hangedman_alternative [grunt_blade_entry_basic],
          layout_geoelf_grid
Elf:3:    minmay_elf_hall_furrowed, layout_gridlike, serial_shops,
          nicolae_diamond_shop, shop
Vaults:1: vaults_dpeg_spiral, v_misc_14, ontoclasm_vaults_bender, v_misc_15,
          v_misc_4, nicolae_vaults_octagons, nicolae_vaults_what_the_h,
          vaults_room_grunt_arrival_checkpoint, v_misc_33, nicolae_vaults_theta,
          nicolae_vaults_mini_display_case, layout_vaults_ring
Vaults:2: nicolae_vaults_ninety_degrees, nicolae_vaults_little_squares_6,
          nicolae_vaults_branching_niches, ontoclasm_vaults_shuriken, v_misc_25,
          vaults_room_octagon, v_alt_pattern_4,
          nicolae_vaults_twisting_passages, minmay_crypt_entry_simple_statues,
          v_misc_11, hangedman_vaults_corner, ontoclasm_vaults_hangar,
          nicolae_vaults_specimen_jars, layout_vaults_omnicross, uniq_aizul
Vaults:3: nicolae_vaults_ring_of_whatevers, v_rooms_3,
          hangedman_vaults_stretched_pinwheel, ontoclasm_vaults_spin,
          vaults_mumra_hexcomb, nicolae_vaults_yaktaur_gun_rack,
          ontoclasm_vaults_ring_small, vaults_room_corners,
          ontoclasm_vaults_gateway, serial_ice_b,
          ontoclasm_vaults_decontamination, hangedman_vaults_capsules,
          layout_vaults_big_room, uniq_margery
Vaults:4: vaults_room_hallway, vaults_mumra_lcd, v_alt_pattern_3,
          nicolae_vaults_windows_and_doors_thing, dpeg_vaults_monster_box,
          hangedman_vaults_stretched_pinwheel, layout_vaults_omnigrid
Vaults:5
Crypt:1:  layout_misc_corridors, grunt_crypt_arrival_webbed
Crypt:2:  layout_regular_city
Crypt:3:  david_glass_crypt, layout_gridlike, tomb_entry_simple_bobbens,
          hellmonk_ghost_happy_afterlife
Depths:1: layout_cave_shapes, enter_ziggurat_b, nicolae_ru_sacrificial_ziggurat,
          gammafunk_ghost_cemetery, grunt_hell_entry_dis_grunt,
          nicolae_tso_carved_into_rock
Depths:2: minmay_bad_star, layout_gridlike, abyss_entry, pan_entry,
          grunt_mini_vestibule, uniq_enchantress, uniq_nikola
Depths:3: minmay_the_grid_ultimate [minmay_the_grid_prize_four_corners,
          minmay_the_grid_prize_trominoes, minmay_the_grid_prize_big_room,
          minmay_the_grid_prize_diamond_cup, minmay_the_grid_square_5x5_c,
          minmay_the_grid_square_5x5_bite, minmay_the_grid_square_5x5_dogpile,
          minmay_the_grid_square_5x5_checkered_statues,
          minmay_the_grid_square_5x5_fat_x, minmay_the_grid_square_5x5_minibox,
          minmay_the_grid_square_5x5_two, minmay_the_grid_square_5x5_seven,
          minmay_the_grid_square_5x5_three_small,
          minmay_the_grid_square_5x5_misaligned,
          minmay_the_grid_square_5x5_inner_v,
          minmay_the_grid_square_5x5_intrusive_squares,
          minmay_the_grid_square_5x5_mess, minmay_the_grid_square_5x5_inner_i,
          minmay_the_grid_square_5x5_detours,
          minmay_the_grid_triangle_9x9_swiss_cheese,
          minmay_the_grid_triangle_9x9_skeleton,
          minmay_the_grid_triangle_9x9_windchime,
          minmay_the_grid_triangle_9x9_intruding_spiral,
          minmay_the_grid_triangle_9x9_impossible_snake,
          minmay_the_grid_triangle_9x9_tough_junction,
          minmay_the_grid_triangle_9x9_alien,
          minmay_the_grid_triangle_9x9_from_above,
          minmay_the_grid_triangle_9x9_semitri,
          minmay_the_grid_triangle_9x9_pentomino_pain,
          minmay_the_grid_triangle_9x9_longest,
          minmay_the_grid_triangle_9x9_warning,
          minmay_the_grid_triangle_9x9_zippers_horizontal,
          minmay_the_grid_triangle_9x9_subtriangle,
          minmay_the_grid_triangle_9x9_cache,
          minmay_the_grid_triangle_9x9_corruption,
          minmay_the_grid_square_5x5_hourglass, minmay_the_grid_octo_focus,
          minmay_the_grid_octo_teeth, minmay_the_grid_octo_odd_swirl,
          minmay_the_grid_octo_empty, minmay_the_grid_octo_vomiting_pacman,
          minmay_the_grid_octo_clover, minmay_the_grid_octo_tetromino_candy,
          minmay_the_grid_octo_pinwheel, minmay_the_grid_diamond_grid,
          minmay_the_grid_armoury, minmay_the_grid_rooms, minmay_the_grid_fan],
          pan_entry, abyss_entry, hell_entry
Depths:4: grunt_zot_entry_gee_three, layout_long_grid, hell_entry, pan_entry,
          grunt_decor_clamped, minmay_fountain_box, serial_bayou_shore_b,
          uniq_saint_roka
Hell
Zot:1:    lemuel_acid_trip, layout_onion_interference, zot_minivault_1
Zot:2:    layout_twisted_circle, hangedman_player_shredder
Zot:3:    grunt_twist_and_shout, layout_cathedral_of_symmetry, st_stairs_5,
          grunt_ministairs_13
Zot:4:    layout_onion, nicolae_transmutations_shop, st_single_dragon_hoard_2
Zot:5:    layout_gridlike, st_stairs_3

Skill      XL: |  1  2  3  4  5  6  7  8  9 10 11 12 13 14 15 16 17 18 19 20 21 22 23 24 25 26 27 |
---------------+----------------------------------------------------------------------------------+-----
Polearms       | 4 5 6 7 9 10 13 14 15 17 18 19 20 | 20.0
Dodging        | 3 4 5 7 9 12 13 15 17 18 19 20 21 22 23 25 27 | 27.0
Fighting       | 4 5 6 8 9 11 12 14 15 16 17 19 22 24 25 27 | 27.0
Stealth        | 1 2 4 5 8 9 10 11 13 | 13.0
Armour         | 1 2 3 5 7 11 12 | 12.0
Invocations    | 3 6 8 10 11 13 14 15 17 20 | 20.0
Evocations     | 2 6 8 10 11 12 15 18 | 18.1
Throwing       | 4 5 8 13 16 | 16.0
Shields        | 4 8 9 13 15 | 15.0

Action                   |  1- 3 |  4- 6 |  7- 9 | 10-12 | 13-15 | 16-18 | 19-21 | 22-24 | 25-27 || total
-------------------------+-------+-------+-------+-------+-------+-------+-------+-------+-------++-------
Melee: Spear             |   156 |   141 |   383 |    35 |       |       |       |       |       ||   715
       Punch             |     2 |     1 |     6 |    10 |    12 |       |       |       |       ||    31
       Trident           |       |       |       |   512 |   403 |       |   538 |   945 |       ||  2398
       Tailslap          |       |       |       |     2 |    22 |    58 |     5 |     9 |     4 ||   100
       Glaive            |       |       |       |       |   672 |  1585 |  1472 |       |       ||  3729
       Demon trident     |       |       |       |       |       |       |       |  2030 |  3554 ||  5584
Throw: Dart              |       |       |     2 |       |    32 |    56 |    29 |    53 |   454 ||   626
       Stone             |       |       |     5 |    38 |    19 |       |       |       |       ||    62
       Javelin           |       |       |       |       |       |       |       |       |    18 ||    18
Invok: Banish            |       |       |       |     1 |    11 |     4 |     1 |       |       ||    17
       Corrupt           |       |       |       |       |       |     2 |       |       |     1 ||     3
Evoke: Wand              |       |       |       |     3 |       |     1 |       |       |    24 ||    28
       Phantom mirror    |       |       |       |     1 |     1 |     1 |       |     1 |       ||     4
       Lightning rod     |       |       |       |       |     2 |       |       |     1 |     4 ||     7
       Box of beasts     |       |       |       |       |       |     1 |       |       |     2 ||     3
       Tin of tremorston |       |       |       |       |       |       |       |     4 |     7 ||    11
       Phial of floods   |       |       |       |       |       |       |       |     1 |     1 ||     2
       Condenser vane    |       |       |       |       |       |       |       |     1 |     4 ||     5
  Use: Scroll            |     1 |     3 |     8 |     5 |     9 |    10 |    10 |     4 |     9 ||    59
       Potion            |       |       |       |       |       |     5 |     6 |     1 |    16 ||    28
 Stab: Sleeping          |     1 |     6 |     8 |    15 |    20 |    38 |    55 |    30 |     7 ||   180
       Distracted        |       |       |       |       |     6 |    14 |    11 |    17 |    12 ||    60
Armor: Leather armour    |    26 |     8 |       |       |       |       |       |       |       ||    34
       Robe              |       |    20 |    55 |       |       |       |       |       |       ||    75
       Steam dragon scal |       |       |     8 |    21 |       |       |       |       |       ||    29
       Troll leather arm |       |       |       |     9 |       |       |       |       |       ||     9
       Ring mail         |       |       |       |    13 |   199 |   211 |   270 |     8 |       ||   701
       Swamp dragon scal |       |       |       |       |       |       |       |   243 |   411 ||   654
Dodge: Dodged            |    49 |    52 |   170 |   241 |   876 |  1561 |  1849 |  1474 |  2289 ||  8561
Block: Buckler           |       |       |       |       |       |       |   156 |    24 |       ||   180
       Kite shield       |       |       |       |       |       |       |       |  1660 |  2305 ||  3965
